 Dungeon Crawl Stone Soup version 0.22.1 (webtiles) character file.

1246 PaladinM the Carver (level 8, -2/56 HPs)
             Began as a Human Warper on Sept 17, 2018.
             Killed from afar by an electric eel (12 damage)
             ... with a bolt of electricity
             ... on level 6 of the Dungeon.
             The game lasted 00:24:49 (9069 turns).

PaladinM the Carver (Human Warper)                  Turns: 9069, Time: 00:24:49

Health: -2/56      AC:  5    Str: 11    XL:     8   Next: 79%
Magic:  10/11      EV: 14    Int: 14    God:
Gold:   226        SH:  0    Dex: 15    Spells: 4/11 levels left

rFire    . . .     SeeInvis .   a - +0 falchion
rCold    . . .     Gourm    .   (no shield)
rNeg     . . .     Faith    .   b - +0 leather armour
rPois    .         Spirit   .   h - +0 helmet
rElec    .         Reflect  .   (no cloak)
rCorr    .         Harm     .   d - +0 pair of gloves
MR       .....                  (no boots)
Stlth    +.........             (no amulet)
HPRegen  0.18/turn              (no ring)
MPRegen  0.12/turn              (no ring)

@: shrouded (expiring)
A: no striking features
a: no special abilities


You were on level 6 of the Dungeon.
You were hungry.

You visited 1 branch of the dungeon, and saw 6 of its levels.

You collected 226 gold pieces.

Inventory:

Hand Weapons
 a - a +0 falchion (weapon)
 j - the +3 spear of the Tomato {antimagic, +Blink MR+ Int+3}
   (You found it on level 5 of the Dungeon)

   It reduces the magical energy of the wielder, and disrupts the spells and
   magical abilities of those hit.
   Natural abilities and divine invocations are not affected.
   It affects your intelligence (+3).
   It affects your resistance to hostile enchantments.
   It lets you blink.
Missiles
 e - 5 tomahawks of dispersal (quivered)
 g - 6 tomahawks
Armour
 b - a +0 leather armour (worn)
 d - a +0 pair of gloves (worn)
 h - a +0 helmet (worn)
Jewellery
 o - an uncursed ring of ice
Wands
 z - a wand of flame (30)
 A - a wand of polymorph (21)
 C - a wand of paralysis (17)
Scrolls
 c - 2 scrolls of teleportation
 i - 2 scrolls of remove curse {unknown}
 l - a scroll of amnesia {unknown}
 m - a scroll of fear {unknown}
 n - 11 scrolls of identify {unknown}
 t - 2 scrolls of noise {unknown}
 v - 2 scrolls of enchant weapon {unknown}
 y - a scroll of magic mapping {unknown}
 D - 2 scrolls of random uselessness {unknown}
Potions
 k - 2 potions of curing {unknown}
 p - a potion of ambrosia {unknown}
 q - a potion of mutation {unknown}
 r - a potion of brilliance {unknown}
 s - 3 potions of agility {unknown}
 u - a potion of magic {unknown}
 w - a potion of flight {unknown}
 x - a potion of berserk rage {unknown}
 B - a potion of haste {unknown}
 E - a potion of lignification
Comestibles
 f - 8 rations


   Skills:
 - Level 2.0 Fighting
 + Level 9.1 Long Blades
 - Level 1.0 Throwing
 - Level 1.0 Armour
 - Level 4.9 Dodging
 - Level 2.0 Spellcasting
 - Level 3.0 Translocations


You had 4 spell levels left.
You knew the following spells:

 Your Spells              Type           Power        Failure   Level  Hunger
a - Shroud of Golubria    Chrm/Tloc      #.........   26%         2    ###....
b - Blink                 Tloc           N/A          14%         2    ###....
c - Gell's Gravitas       Tloc           #.........   26%         3    ####...

Your spell library contained the following spells:

 Spells                   Type           Power        Failure   Level  Hunger
 Lesser Beckoning         Tloc           #.........   26%         3    ####...
 Teleport Other           Tloc           #.......     26%         3    ####...
 Shock                    Conj/Air       #...         30%         1    ##.....
 Swiftness                Chrm/Air       #.......     43%         2    ###....
 Passage of Golubria      Tloc           N/A          65%         4    #####..
 Static Discharge         Conj/Air       #.......     67%         3    ####...
 Airstrike                Air            #.........   97%         4    #####..
 Lightning Bolt           Conj/Air       #.........   100%        5    ######.


Dungeon Overview and Level Annotations

Branches:
Dungeon (6/15)
 Temple: D:4-7

Altars:
Elyvilon
Nemelex Xobeh
Sif Muna

Annotations:
D:4 Sigmund


Message History

You hit the electric eel.
The electric eel is moderately wounded.
The electric eel shoots out a bolt of lightning at you!
The bolt of electricity misses you. The bolt of electricity hits you!
The bolt of electricity hits the electric eel.
The electric eel completely resists.
You closely miss the electric eel.
The electric eel is moderately wounded.
The electric eel shoots out a bolt of lightning at you!
The bolt of electricity hits you! x2
The bolt of electricity misses the electric eel.
The electric eel shoots out a bolt of lightning at you!
The bolt of electricity hits you!
* * * LOW HITPOINT WARNING * * *
Okay, then.
Okay, then.
Your shroud begins to fray at the edges.
The electric eel shoots out a bolt of lightning at you!
The bolt of electricity hits you!
You die...

#.# ..≈≈≈≈≈≈≈≈.≈≈≈≈≈≈≈
#.#.##.#≈≈≈≈≈≈#.≈#≈≈≈≈≈
#.#....#.≈≈≈#≈.[≈$≈≈≈≈.
#.####..#≈≈≈≈≈<(.≈#≈≈≈#
#........<≈≈≈≈≈≈≈≈≈≈w##
######†####.≈≈≈#;#≈.##
#..##.##≈≈.≈###.#
##.##......## ...
#..#...#@## ##
##...###.#
#######.########
#....†......#
#......#####.# #....#.#
#..(.#.. #....##.#
#.... .#


You could see an electric eel.

Vanquished Creatures
  Grinder (D:4)
  2 ogres (D:5)
  2 centaurs (D:5)
  6 hounds
  2 orc priests
  A worker ant (D:4)
  Jessica (D:3)
  A centaur skeleton (D:5)
  6 orc wizards (D:4)
  A hound skeleton (D:5)
  5 adders
  8 gnolls
  A shadow imp (D:3)
  2 oozes (D:2)
  3 worms
  5 dart slugs
  A leopard gecko (D:5)
  13 orcs
  A giant cockroach (D:3)
  A hobgoblin (D:3)
  3 jackals (D:3)
  6 kobolds
  A quokka (D:3)
  4 ball pythons
  10 bats
  4 frilled lizards
  10 goblins
  A leopard gecko zombie (D:4)
  A quokka skeleton (D:4)
  3 rats
106 creatures vanquished.

Vanquished Creatures (others)
  A dart slug (D:6)
1 creature vanquished.

Grand Total: 107 creatures vanquished

Notes
Turn   | Place    | Note
-------+----------+-------------------------------------------
     0 | D:1      | PaladinM the Human Warper began the quest for the Orb.
     0 | D:1      | Reached XP level 1. HP: 16/16 MP: 3/3
   248 | D:1      | Reached XP level 2. HP: 19/22 MP: 5/5
   352 | D:1      | Reached skill level 3 in Long Blades
   362 | D:1      | Learned a level 2 spell: Shroud of Golubria
   792 | D:2      | Reached XP level 3. HP: 27/27 MP: 6/6
   850 | D:2      | HP: 1/27 [poisoned by an adder]
  1264 | D:2      | Reached skill level 4 in Long Blades
  1264 | D:2      | Reached XP level 4. HP: 31/33 MP: 7/7
  1634 | D:2      | Found a white marble altar of Elyvilon.
  2133 | D:3      | Reached XP level 5. HP: 31/38 MP: 2/8
  2166 | D:3      | Noticed Jessica
  2186 | D:3      | Killed Jessica
  2186 | D:3      | Reached skill level 5 in Long Blades
  2527 | D:3      | Learned a level 2 spell: Blink
  2531 | D:3      | Learned a level 3 spell: Gell's Gravitas
  2537 | D:3      | Found a sparkling altar of Nemelex Xobeh.
  2861 | D:3      | You fall through a shaft for 2 floors!
  2861 | D:5      | Entered Level 5 of the Dungeon
  2961 | D:5      | Noticed a centaur
  2973 | D:5      | Killed a centaur
  2973 | D:5      | Reached skill level 6 in Long Blades
  2973 | D:5      | Reached XP level 6. HP: 18/44 MP: 6/9
  3194 | D:5      | Noticed an ogre
  4570 | D:3      | Found a sparkling altar of Nemelex Xobeh.
  5294 | D:4      | Reached skill level 7 in Long Blades
  5294 | D:4      | Reached XP level 7. HP: 39/50 MP: 8/10
  5963 | D:4      | Noticed Grinder
  6149 | D:4      | Reached skill level 8 in Long Blades
  6234 | D:4      | Noticed Sigmund
  6344 | D:4      | HP: 1/50 [worker ant (1)]
  7303 | D:5      | Reached XP level 8. HP: 34/56 MP: 8/11
  7518 | D:5      | Got a scorched spear
  7519 | D:5      | Identified the +3 spear of the Tomato {antimagic, +Blink
                  | MR+ Int+3} (You found it on level 5 of the Dungeon)
  7836 | D:4      | Paralysed by Grinder for 2 turns
  7841 | D:4      | Killed Grinder
  8306 | D:5      | Reached skill level 9 in Long Blades
  8630 | D:5      | Found a deep blue altar of Sif Muna.
  9069 | D:6      | Killed from afar by an electric eel

Skill      XL: |  1  2  3  4  5  6  7  8 |
---------------+-------------------------+-----
Long Blades    | 3 4 6 7 8 9 |  9.1
Dodging        | 3 4 |  4.9
Fighting       | |  2.0
Throwing       | |  1.0
Armour         | |  1.0
Spellcasting   | |  2.0
Translocations | |  3.0

Action                   |  1- 3 |  4- 6 |  7- 9 || total
-------------------------+-------+-------+-------++-------
Melee: Falchion          |   104 |   241 |   264 ||   609
 Cast: Shroud of Golubri |     4 |    25 |    27 ||    56
       Blink             |       |     2 |       ||     2
  Use: Potion            |     4 |     1 |     2 ||     7
       Scroll            |       |       |     3 ||     3
  Eat: Chunk             |     2 |    10 |     6 ||    18
       Ration            |       |     2 |     2 ||     4
Armor: Leather armour    |    54 |    68 |    44 ||   166
       Skin              |       |       |    27 ||    27
Dodge: Dodged            |   115 |   153 |   158 ||   426
       Rpst.: Falchion   |    40 |    49 |    49 ||   138
